Cogmind - Beta 13 @@@ ROGUE MODE // 2024.06.13 @ 13:59:34 Player: celerysam Result: Destroyed by D-53 Grenadier with Mini Grenade Launcher Performance ------------- Evolutions (0) 0 Regions Visited (2) 400 Robots Destroyed (3) 15 Value Destroyed (30) 30 Prototype IDs (0) 0 Alien Tech Used (0) 0 Bonus (0) 0 TOTAL SCORE: 445 Bonus ------- None Cogmind --------- Core Integrity 0/250 Matter 300/300 Energy 100/100 System Corruption 0% Temperature Cool (0) Movement Treading (160) Location -10/Mines Parts ------- > --- POWER (1) -------- (None) > --- PROPULSION (2) --- Light Treads > --- UTILITY (2) ------ Small Storage Unit > --- WEAPON (2) ------- Medium Laser > --- INVENTORY (8) ---- Light Ion Engine Aluminum Leg Aluminum Leg Wheel Compact Wheel Flight Unit Medium Laser Grenade Launcher Peak State ------------ > --- POWER ------------ Ion Engine > --- PROPULSION ------- Light Treads Light Treads > --- UTILITY ---------- Small Storage Unit > --- WEAPON ----------- EM Pulse Gun Medium Laser > --- INVENTORY -------- Light Ion Engine Aluminum Leg Aluminum Leg Wheel Compact Wheel Medium Laser [Rating: 6] Favorites ----------- Power Ion Engine Engine Ion Engine Propulsion Light Treads Treads Light Treads Utility Small Storage Unit Storage Small Storage Unit Weapon Medium Laser Energy Gun Medium Laser Ballistic Gun Light Assault Rifle Build | -11 -10 -10 ------- Run | Yrd Mat Min Slots Evolved . | . . . Power . | . . . Propulsion . | . . . Utility . | . . . Weapon . | . . . Parts Attached 8 | 5 1 2 Power 1 | . 1 . Engine 1 | . 1 . Core . | . . . Reactor . | . . . Propulsion 2 | 2 . . Treads 2 | 2 . . Leg . | . . . Wheel . | . . . Hover . | . . . Flight . | . . . Utility 1 | 1 . . Device . | . . . Storage 1 | 1 . . Processor . | . . . Hackware . | . . . Protection . | . . . Artifact . | . . . Weapon 4 | 2 . 2 Energy Gun 2 | 2 . . Energy Cannon . | . . . Ballistic Gun 2 | . . 2 Ballistic Cannon . | . . . Launcher . | . . . Special Weapon . | . . . Impact Weapon . | . . . Slashing Weapon . | . . . Piercing Weapon . | . . . Special Melee Weapon . | . . . Unidentified Prototypes . | . . . Parts Lost 4 | . . 4 Power 1 | . . 1 Propulsion 1 | . . 1 Utility . | . . . Weapon 2 | . . 2 Highest Loss Streak 3 | . . 3 To Critical Strikes . | . . . Average Slot Usage (%) 83 | . 85 83 Engine 13 | . 14 13 Treads 27 | . 28 27 Storage 14 | . 14 14 Energy Gun 17 | . 28 15 Ballistic Gun 10 | . . 12 Naked Turns . | . . . Heaviest Build 14 | 9 14 14 Greatest Support 40 | 40 40 40 Greatest Overweight (x) 1 | 1 . . Average Overweight (x) . | . . . Largest Inventory Capacity 8 | 8 8 8 Average Capacity 7 | 7 8 8 Most Carried 8 | 7 7 8 Average Carried 7 | 4 6 7 Final Capacity 8 | 8 8 8 Final Carried 8 | 7 7 8 Class Distribution -------------------- 100% | Mutant Dominant Class ---------------- Mutant | -10/Materials Mutant | -10/Mines Resources | -11 -10 -10 ----------- Run | Yrd Mat Min Matter Collected 281 | 209 . 72 Remotely . | . . . Salvage Created 52 | . . 52 Parts 9 | . . 9 Haulers Intercepted . | . . . Recyclers Shooed . | . . . Parts Field Recycled . | . . . Retrieved Matter . | . . . Parts Self-Destructed . | . . . Prevented . | . . . Kills | -11 -10 -10 ------- Run | Yrd Mat Min Combat Hostiles Destroyed 3 | . . 3 Guns 3 | . . 3 Classes Destroyed 1 | . . 1 Swarmer 3 | . . 3 Best Kill Streak 2 | . . 2 Combat Bots Only 2 | . . 2 Max Kills in Single Turn 1 | . . 1 Gunslinging . | . . . Exploded . | . . . Melee . | . . . Uniques/NPCs Destroyed . | . . . Combat | -11 -10 -10 -------- Run | Yrd Mat Min Hostile Shots Fired 66 | . 15 51 Missed 22 | . 5 17 Damage Taken 698 | . 75 623 Core 252 | . 25 227 Absorbed by Shields . | . . . Core Remaining (%) 100 | 100 . . Volleys Fired 14 | . . 14 Largest 2 | . . 2 Hottest 90 | . . 90 Shots Fired 26 | . . 26 Gun 26 | . . 26 Cannon . | . . . Launcher . | . . . Special . | . . . Kinetic 8 | . . 8 Thermal 14 | . . 14 Explosive . | . . . Electromagnetic 4 | . . 4 Robot Hit Streak 4 | . . 4 Robot Miss Streak 5 | . . 5 Penetration Max . | . . . Secondary Targets . | . . . Shots Hit Robots 10 | . . 10 Core Hits 3 | . . 3 Critical Kills . | . . . Critical Parts Destroyed . | . . . Critical Strikes 3 | . . 3 Burn 2 | . . 2 Corrupt 1 | . . 1 Melee Attacks . | . . . Impact . | . . . Slashing . | . . . Piercing . | . . . Sneak Attacks . | . . . Combat Hostiles . | . . . Follow-up Attacks . | . . . Damage Inflicted 122 | . . 122 Guns 122 | . . 122 Cannons . | . . . Explosions . | . . . Melee . | . . . Ramming . | . . . Kinetic 24 | . . 24 Thermal 75 | . . 75 Explosive . | . . . Electromagnetic 23 | . . 23 Impact . | . . . Slashing . | . . . Piercing . | . . . Highest Corruption . | . . . Average Corruption . | . . . Corruption Purged . | . . . Corruption Blocked . | . . . Overload Shots . | . . . Overflow Damage . | . . . Projectiles . | . . . Explosions . | . . . Melee . | . . . Knockbacks . | . . . Impact . | . . . Kinetic . | . . . Secondary . | . . . Self-Inflicted Damage . | . . . Shots . | . . . Rammed . | . . . Targets Rammed . | . . . Kicked . | . . . Crushed . | . . . Highest Temperature 130 | . . 130 Average Temperature 44 | . . 44 Received Heat Transfer . | . . . Siege Activations . | . . . Robots Corrupted . | . . . Combat Hostiles . | . . . Parts Fried . | . . . Impact Corruptions . | . . . Robots Melted . | . . . Combat Hostiles . | . . . Parts Melted . | . . . Heat Transferred 370 | . . 370 Parts Sabotaged . | . . . Parts Stolen . | . . . Parts Stripped . | . . . Power Chain Reactions . | . . . Alert | -11 -10 -10 ------- Run | Yrd Mat Min Peak Influence 60 | . . 60 Initial . | . . . Average 35 | . . 53 Maximum Alert Level . | . . . Low Security (%) 100 | 100 100 100 Level 1 . | . . . Level 2 . | . . . Level 3 . | . . . Level 4 . | . . . Level 5 . | . . . High Security . | . . . Max Security . | . . . Squads Dispatched . | . . . Investigation . | . . . Extermination . | . . . Reinforcement . | . . . Assault . | . . . Garrison . | . . . Intercept . | . . . Searches Triggered . | . . . Construction Impeded . | . . . Haulers Reinforced . | . . . Active Scanning Responses . | . . . Cargo Convoy Interrupts . | . . . Stealth | -11 -10 -10 --------- Run | Yrd Mat Min Distress Signals . | . . . Communications Jammed . | . . . Distress Signals . | . . . Times Spotted 24 | . 6 18 Peak Tracking Total 10 | . 6 10 Tactical Retreats . | . . . Traps | -11 -10 -10 ------- Run | Yrd Mat Min Traps Triggered . | . . . Indirectly . | . . . Trap Hack Attempts . | . . . Triggered . | . . . Disarmed . | . . . Reprogrammed . | . . . Reused . | . . . Traps Extracted . | . . . Installed . | . . . Triggered . | . . . Machines | -11 -10 -10 ---------- Run | Yrd Mat Min Machines Disabled . | . . . Max in Single Turn . | . . . Machines Repaired . | . . . Machines Dismantled . | . . . Machines Sabotaged . | . . . Overloaded Fab Kills . | . . . Hacking | -11 -10 -10 --------- Run | Yrd Mat Min Machines Accessed 1 | . 1 . Terminals 1 | . 1 . Fabricators . | . . . Repair Stations . | . . . Recycling Units . | . . . Scanalyzers . | . . . Garrison Access . | . . . Total Hacks 1 | . 1 . Successful . | . . . Failed 1 | . 1 . Catastrophic . | . . . Database Lockouts . | . . . Manual . | . . . Terminals 1 | . 1 . Fabricators . | . . . Repair Stations . | . . . Recycling Units . | . . . Scanalyzers . | . . . Garrison Access . | . . . Terminal Hacks . | . . . Fabricator Hacks . | . . . Repair Station Hacks . | . . . Recycling Unit Hacks . | . . . Scanalyzer . | . . . Garrison Access Hacks . | . . . Unauthorized Hacks . | . . . Terminals . | . . . Fabricators . | . . . Repair Stations . | . . . Recycling Units . | . . . Scanalyzers . | . . . Garrison Access . | . . . Data Cores Recovered . | . . . Used . | . . . Hacking Detections . | . . . Full Trace Events . | . . . Feedback Events . | . . . Feedback Blocked . | . . . Robot Schematics Acquired . | . . . Robots Built . | . . . Authchips . | . . . Time . | . . . Total Robot Build Rating . | . . . Part Schematics Acquired . | . . . Parts Built . | . . . Authchips . | . . . Time . | . . . Total Part Build Rating . | . . . Parts Repaired . | . . . Time . | . . . Parts Recycled . | . . . Recycled Matter . | . . . Retrieved Matter . | . . . Retrieved Components . | . . . Parts Scanalyzed . | . . . Part Schematics Acquired . | . . . Parts Damaged . | . . . Bothacking | -11 -10 -10 ------------ Run | Yrd Mat Min Used RIF Installer . | . . . Robots Hacked . | . . . Non-combat . | . . . Combat . | . . . Robot Hacks Applied . | . . . Relay Couplers Released . | . . . Fabnet Peak Effective % . | . . . Robots Rewired . | . . . Allies Hacked . | . . . Hacks Repelled . | . . . Allies | -11 -10 -10 -------- Run | Yrd Mat Min Total Allies 2 | . . 2 Largest Group 2 | . . 2 Highest-Rated Group 42 | . . 42 Highest-Rated Ally 31 | . . 31 Total Orders . | . . . Ally Attacks 19 | . . 19 Total Damage 211 | . . 211 Kills 6 | . . 6 Allies Corrupted . | . . . Allies Melted . | . . . Intel | -11 -10 -10 ------- Run | Yrd Mat Min Robot Analysis Total . | . . . Derelict Logs Recovered 2 | . . 2 Drone Launches . | . . . Drone Recoveries . | . . . Exploration | -11 -10 -10 ------------- Run | Yrd Mat Min Turns Passed 509 | 107 60 342 Spaces Moved 283 | 59 37 187 Core 11 | 11 . . Treads 272 | 48 37 187 Legs . | . . . Wheels . | . . . Hover . | . . . Flight . | . . . Fastest Speed 50 | 50 160 160 Average Speed 157 | 147 160 160 Slowest Speed 160 | 160 160 160 Overloaded Moves . | . . . Propulsion Burnouts . | . . . Robots Hopped . | . . . Cave-ins Triggered . | . . . Exploration Rate (%) 21 | 3 15 47 Regions Visited 2 Branch Regions 1 Pre-discovered Areas . | . . . Known Exits Taken . | . . . Unknown Exits Taken 2 | 1 1 . Scrap Searched . | . . . Spaces Dug . | . . . Terrain Destroyed . | . . . Melee . | . . . Projectile . | . . . AOE . | . . . Terrain Rammed . | . . . Walls Destroyed . | . . . Machines Disabled . | . . . Actions | -11 -10 -10 --------- Run | Yrd Mat Min Total 322 | 79 38 205 Wait 4 | 4 . . Move 281 | 58 36 187 Hop . | . . . Pick Up 14 | 12 1 1 Fast Attach 1 | . . 1 Attach 6 | 5 1 . Detach . | . . . Swap 1 | . . 1 Drop 1 | . . 1 Fire 14 | . . 14 Melee . | . . . Ram . | . . . Kick . | . . . Crush . | . . . Escape Stasis . | . . . Rewire . | . . . Trap . | . . . Miscellaneous . | . . . Route ------- -11/Scrapyard -10/Materials -10/Mines (discovered 1 exit: Mat) History --------- Turn | Location | Event 22 | -11/Scrapyard | Discovered new exit (range 15) 108 | -11/Scrapyard | Entered Materials 144 | -10/Materials | Discovered new exit (range 15) 168 | -10/Materials | Entered Mines 196 | -10/Mines | Identified exit to Materials 305 | -10/Mines | Build established: Mutant 331 | -10/Mines | Assembled infested the area 336 | -10/Mines | Assisted by a Guerilla fighting off Assembled 506 | -10/Mines | Core integrity fell below 50% 509 | -10/Mines | Core integrity fell below 20% 510 | -10/Mines | Destroyed by D-53 Grenadier with Mini Grenade Launcher Last Messages --------------- 00366_ HV Slug penetrates as-92604. 00366_ as-92604 destroyed. 00368_ as-30718 destroyed. 00368_ HV Slug penetrates Wall. 00370_ MS-C2I(h) destroyed. 00374_ as-24911 destroyed. 00380_ as-96418 destroyed. 00386_ Acquired 2 matter. 00388_ Acquired 12 matter. 00390_ Acquired 25 matter. 00398_ as-86699 suffers critical hit (Burn). 00400_ as-86699 destroyed. 00432_ Acquired 1 matter. 00494_ K-01 Serf collects debris. 00500_ 6I-QFR(g) destroyed. 00500_ I5-7ZE(z) destroyed. 00500_ K-01 Serf destroyed. 00504_ Lgt. Treads destroyed. 00504_ Ion Engine destroyed. 00510_ Lgt. Assault Rifle destroyed. Map ----- +----------------------------------------------------+ | | | | | | | | | | | | | | | | | | | | | | | ?????????????????????????????????????????????????? | | ?????????????????????????????????????????????????? | | ?????????????????????????????????????######??????? | | ????????????????????????????????????## ##?????? | | ??????????????????????????????????### #?????? | | ????????????####?????????????????## #?????? | | ???????????## ##???????########## ##????? | | ?????????### #??????## # # ##???? | | ?????##### #??????# #???? | | ???### #?????## #???? | | ???# ####### #????? | | ??# ## ## ## = #?????? | | ??# ###; # ##?????? | | ??# #??### %d ##??????? | | ??####?????# %d% @ ### #???????? | | ???????????# !%% ;; ##?## #???????? | | ??????????# = ## ## #???# #???????? | | ??????????# ##### ### #???# ##??????? | | ??????????# %##???# ##?# ##??# #??????? | | ??????????# #????# #??# #??#####??????? | | ??????????# ????# #?## #?????????????? | | ??????????# ???# #### ##?????????????? | | ??????????# ???## #### ##??????????????? | | ?????????? ????# #### #???????????????# | | ?????????# = ????# #?# ##???????????### | | ????????? " ?????# #?# ###????????# | | ??????????? ?????# #?## ######### | | ?????????????? ??????? ??### | | ?????????????????????? ?????##### # | | ?????????????????????????????????## #? | | ??????????????????????????????????# ####? | | ??????????????????????????????????# ## ##???? | | ??????????????????????????????????## ### ##????? | | ???????????????????????????????????####?# #?????? | | ????????????????????????????????????????# #?????? | | ????????????????????????????????????????# #?????? | | ????????????????????????????????????????# #?????? | | ????????????????????????????????????????# #??#### | | ????????????????????????????????????????# #?## | +----------------------------------------------------+ Best States ------------- Heat Dissipation 25 Energy Generation 10 Energy Capacity 250 Matter Stores 300 Matter Capacity 300 Sight Range 16 Terrain Scan Density 10 Evasion (%) 40 Recoil Reduction 2 Item Schematics ----------------- None Robot Schematics ------------------ None Fabricated ------------ Nothing Alien Tech Used ----------------- None Achievements -------------- None Challenges ------------ None Game ------ Seed CooledComponentCalibrator Manual? 0 Play Time 00:05:16 Cumulative 43.2 hours Start 2024.06.13 @ 13:52:48 End 2024.06.13 @ 13:59:34 Sessions 1 Manual Loads 0 Difficulty Rogue Special Mode None Game No. 68 Rogue 68 Adventurer 0 Explorer 0 Win Type - Total 0 Types 0/0/0/0/0/0/0/0/0 Lore% 22 Gallery% 36 Achievement% 25 Wizard Run 0 Options --------- Layout 0 ASCII 0 Keyboard 0 Movement Mouse Keybinds 0 Fullscreen 1 Font 24/Smallcaps Map View 76x50 Zoom Use 0% Tactical HUD 1 Map Filters NONE Filters NONE Steam 1 RUN: 38353c9b-7a63-4645-988a-72f070fdd4ae